 Dungeon Crawl Stone Soup version 0.31-a0-145-g046c7d2549 (webtiles) character file.

Game seed: 1341185298697907049

20247 Zonian the Grappler (level 12, -2/123 HPs)
             Began as a Troll Fighter on June 5, 2023.
             Was a Priest of Wu Jian.
             Slain by a dream sheep (4 damage)
             ... on level 2 of the Lair of Beasts.
             The game lasted 00:36:03 (11918 turns).

Zonian the Grappler (Troll Fighter)                Turns: 11918, Time: 00:36:04

Health: -2/123     AC:  7    Str: 39    XL:     12   Next: 43%
Magic:  0/11       EV:  9    Int:  8    God:    Wu Jian [***...]
Gold:   244        SH:  0    Dex:  9    Spells: 9/11 levels left

rFire   . .          .
                       - Unarmed
rCold   + . .        b - +0 kite shield
rNeg    . . .        S - +2 robe {rC+}
rPois   .            (helmet restricted)
rElec   .            i - +0 cloak
rCorr   .            (gloves unavailable)
SInv    .            (boots unavailable)
Will    .....        T - amulet of guardian spirit
Stlth   +            G - +6 ring of strength
HPRegen 1.20/turn    Q - +6 ring of strength
MPRegen 0.12/turn

%: guardian spirit
@: confused, lethally poisoned (-2 -> -2), ambrosia-drunk
A: large, unfitting armour, claws 3, regeneration 1, shaggy fur 1, tough skin 1
a: Renounce Religion, Wall Jump, Serpent's Lash


You were on level 2 of the Lair of Beasts.
You worshipped Wu Jian.
Wu Jian was most pleased with you.
You visited 3 branches of the dungeon, and saw 15 of its levels.

You collected 700 gold pieces.
You spent 456 gold pieces at shops.

Inventory:

Missiles
 q - 13 poisoned darts (quivered)
 t - 3 boomerangs
 M - 2 throwing nets
Armour
 a - a +0 robe
 b - a +0 kite shield (worn)
 i - a +0 cloak (worn)
 y - the +0 robe of the Barber Surgeon {Rampage rPois rN++ Dex-4}
   (You found it on level 6 of the Dungeon)

   Dex:       It affects your dexterity (-4).
   rPois:     It protects you from poison.
   rN:        It greatly protects you from negative energy.
   Rampage:   It bestows one free step when moving towards enemies.
 D - +0 steam dragon scales
 S - a +2 robe of cold resistance (worn)
Jewellery
 g - a +4 ring of protection
 o - a ring of positive energy
 s - a ring of see invisible
 u - a ring of willpower
 E - a ring of willpower
 G - a +6 ring of strength (left claw)
 J - a ring of ice
 L - a +6 ring of strength
 P - a ring of poison resistance
 Q - a +6 ring of strength (right claw)
 T - an amulet of guardian spirit (around neck)
Wands
 A - a wand of flame (20)
 F - a wand of mindburst (18)
 I - a wand of paralysis (7)
 O - a wand of quicksilver (5)
 V - a wand of digging (4)
 W - a wand of roots (5)
Scrolls
 e - a scroll of poison {unknown}
 f - a scroll of amnesia
 h - 2 scrolls of teleportation
 j - 3 scrolls of immolation
 m - 2 scrolls of torment
 p - 3 scrolls of fog
 r - a scroll of summoning
 x - a scroll of magic mapping
 B - 2 scrolls of noise
 N - a scroll of enchant weapon
 U - 3 scrolls of blinking {unknown}
Potions
 c - 6 potions of might
 d - 3 potions of berserk rage
 n - a potion of attraction
 w - a potion of resistance
 z - 4 potions of brilliance
 C - a potion of lignification
 H - 2 potions of mutation
 K - 3 potions of haste
 R - a potion of invisibility


   Skills:
 + Level 9.3 Fighting
 - Level 2.4 Dodging
 + Level 10.1 Shields
 * Level 14.7 Unarmed Combat


You had 9 spell levels left.
You knew the following spells:

 Your Spells              Type           Power      Damage    Failure   Level
a - Blink                 Tloc           0%         N/A       67%         2

Your spell library contained the following spells:

 Spells                   Type           Power      Damage    Failure   Level
 Apportation              Tloc           0%         N/A       52%         1
 Necrotise                Necr           0%         1d4       52%         1
 Summon Small Mammal      Summ           0%         N/A       52%         1
 Poisonous Vapours        Pois/Air       0%         N/A       67%         2
 Mephitic Cloud           Conj/Pois/Air  0%         N/A       88%         3
 Volatile Blastmotes      Fire/Tloc      0%         2d10      88%         3
 Animate Dead             Necr           0%         N/A       99%         4
 Fulminant Prism          Conj/Hex       0%         3d5       99%         4
 Iskenderun's Mystic Bla  Conj/Tloc      0%         2d3       99%         4
 Manifold Assault         Tloc           0%         N/A       99%         4
 Olgreb's Toxic Radiance  Pois           0%         N/A       99%         4
 Freezing Cloud           Conj/Ice/Air   0%         6-21      100%        5
 Lee's Rapid Deconstruct  Erth           0%         3d4*      100%        5
 Haunt                    Necr/Summ      0%         N/A       100%        7
 Storm Form               Tmut/Air       0%         N/A       100%        7
 Discord                  Hex            0%         N/A       100%        8
 Ignition                 Fire           0%         3d3       100%        8
 Infestation              Necr           0%         N/A       100%        8


Dungeon Overview and Level Annotations

Branches:
Dungeon (11/15)            Temple (1/1) D:7            Lair (3/5) D:10
  Swamp (0/4) Lair:2        Snake (0/4) Lair:2
    Orc: D:9-12

Altars:
Cheibriados
Dithmenos
Elyvilon
Fedhas
Gozag
Hepliaklqana
Kikubaaqudgha
Makhleb
Sif Muna
Uskayaw
Vehumet
Wu Jian
Xom
Yredelemnul
Zin
The Shining One

Shops:
D:2 (   D:4 **   D:11 *

Annotations:
D:11 Lodul
Lair:2 exclusion: oklob plant


Innate Abilities, Weirdness & Mutations

You are too large for most types of armour.
You have claws for hands.
Your natural rate of healing is unusually fast.
You are covered in fur. (AC +1)
You have tough skin. (AC +1)


Message History

The dream sheep misses you.
The dream sheep bites you but does no damage.
You block the dream sheep's attack.
The cane toad stings you but does no damage.
You mangle the cane toad!!
The cane toad is almost dead.
You feel sick. The dream sheep barely misses you. The dream sheep bites you.
The dream sheep bites you but does no damage.
The cane toad barely misses you.
Unknown command.
You claw the cane toad!
You kill the cane toad!
The Council accepts your kill.
You feel sick. The dream sheep bites you. The dream sheep barely misses you.
The dream sheep ruffle their wool and motes of dream dust sparkle, to no effect.
Unknown command.
You scratch the dream sheep.
The dream sheep is lightly wounded.
You feel sick.
Unknown command.
You barely miss the dream sheep.
The dream sheep is lightly wounded.
You feel sick.
The dream sheep bites you but does no damage.
The dream sheep bites you. The dream sheep bites you!
* * * LOW HITPOINT WARNING * * *
Unknown command.
You closely miss the dream sheep.
The dream sheep is lightly wounded.
You feel sick. The dream sheep bites you.
* * * LOW HITPOINT WARNING * * *
The dream sheep shake their wool and sparkle.
You feel drowsy...
You fall asleep.
The dream sheep bites you!!
You wake up.
* * * LOW HITPOINT WARNING * * *
You are confused.
You feel invigorated.
You feel sick. The dream sheep bites you.
* * * LOW HITPOINT WARNING * * *
The dream sheep bites you.
You die...

###....###............#....##....
###....##......P.....#..#..P#...#
.......###......................#
.................................
.................................
.......P.)......................#
....##P##.#................#..###
.....######....†.Y.........#..##
....## ##....Y@........P##...#
#...# #P......Y.......###..##
#...# ##...............##..#
#...# ####..............###..##
....####P.#..............P.....##
.................................
.................................
.................................
............#..............<.....


You could see 3 dream sheep.

Vanquished Creatures
  Fannar (D:11)
  A hydra (Lair:2)
  A two-headed ogre (D:10)
  3 death yaks (Lair:2)
  An ugly thing (D:11)
  3 black mambas
  Maurice (D:8)
  A rust devil (D:10)
  A torpor snail (Lair:1)
  5 cane toads
  2 orange demons (D:10)
  A rime drake (Lair:2)
  Maggie (D:6)
  3 komodo dragons
  A polar bear (Lair:2)
  A troll (D:10)
  A hellwing (D:10)
  5 dream sheep
  5 blink frogs (Lair:2)
  A wraith (D:10)
  2 basilisks
  A vampire (D:10)
  2 wyverns (Lair:2)
  14 yaks
  3 steam dragons
  2 vampire mosquitoes
  An acid dragon (D:8)
  6 water moccasins
  3 sky beasts
  An ice beast (D:7)
  2 orc warriors
  3 ogres (D:10)
  3 centaurs
  6 wolves (Lair:2)
  3 kobold brigands
  Blork the orc (D:6)
  10 bullfrogs
  3 gnoll sergeants
  5 wights (D:9)
  Dowan (D:6)
  2 electric eels (Lair:2)
  4 howler monkeys
  A crimson imp (D:8)
  9 quasits (D:10)
  3 hounds
  2 jellies (D:8)
  4 orc priests
  Crazy Yiuf (D:6)
  3 iguanas (D:5)
  11 orc wizards
  14 gnolls
  12 adders
  A shadow imp (D:7)
  A white imp (D:7)
  An ufetubus (D:7)
  2 dart slugs
  26 orcs
  12 ball pythons
  9 endoplasms
  5 giant cockroaches
  8 goblins
  7 hobgoblins
  27 kobolds
  6 quokkas
  3 bats
  3 frilled lizards
  9 rats
297 creatures vanquished.

Notes
Turn   | Place    | Note
-------+----------+-------------------------------------------
     0 | D:1      | Zonian the Troll Fighter began the quest for the Orb.
     0 | D:1      | Reached XP level 1. HP: 22/22 MP: 0/0
    74 | D:1      | Reached XP level 2. HP: 29/29 MP: 1/1
   350 | D:1      | Found a faded altar of an unknown god.
   455 | D:1      | Reached XP level 3. HP: 35/36 MP: 2/2
   868 | D:2      | Found Badot's Weapon Boutique.
  1003 | D:2      | Reached skill level 3 in Unarmed Combat
  1046 | D:2      | Reached XP level 4. HP: 45/45 MP: 3/3
  1161 | D:2      | Found a snail-covered altar of Cheibriados.
  1785 | D:3      | Identified the +6 scale mail "Xuc Arixaob" {rF+ Dex+3
                  | Stlth+}
  2489 | D:4      | Reached XP level 5. HP: 53/53 MP: 4/4
  2550 | D:4      | Found Ikeghy's Specific Store.
  2552 | D:4      | Found Bipiy's General Store.
  2557 | D:4      | Bought a scroll of fog for 40 gold pieces
  2722 | D:4      | Noticed an angel
  2723 | D:4      | Found a glowing silver altar of Zin.
  2892 | D:5      | Entered Level 5 of the Dungeon
  3327 | D:5      | Reached skill level 4 in Unarmed Combat
  3344 | D:5      | Noticed a sky beast
  3410 | D:4      | Killed a sky beast
  3411 | D:4      | Reached XP level 6. HP: 56/61 MP: 5/5
  3616 | D:5      | Reached skill level 5 in Unarmed Combat
  3781 | D:5      | Reached XP level 7. HP: 70/70 MP: 6/6
  4105 | D:6      | Identified the +0 robe of the Barber Surgeon {Rampage rPois
                  | rN++ Dex-4}
  4182 | D:6      | Reached skill level 6 in Unarmed Combat
  4407 | D:6      | Noticed Blork the orc
  4414 | D:6      | Killed Blork the orc
  4478 | D:6      | Noticed Dowan
  4504 | D:6      | Killed Dowan
  4505 | D:6      | Reached skill level 5 in Shields
  4572 | D:6      | Reached XP level 8. HP: 79/79 MP: 7/7
  4659 | D:6      | Noticed Maggie
  4675 | D:6      | Killed Maggie
  4676 | D:6      | Reached skill level 7 in Unarmed Combat
  4727 | D:6      | Reached skill level 5 in Fighting
  4752 | D:6      | HP: 6/120 [orc warrior/+0 scimitar (8)]
  5201 | D:6      | Found a runed translucent door.
  5202 | D:6      | Noticed Crazy Yiuf
  5208 | D:6      | Killed Crazy Yiuf
  5319 | D:7      | Reached skill level 8 in Unarmed Combat
  5426 | D:7      | Identified the +1 quarterstaff "Siugguze" {pain, +Blink}
  5527 | D:7      | Identified the +1 spear "Lifebane" {vamp, Fly rElec Will++
                  | Dex-5}
  5733 | D:7      | Reached XP level 9. HP: 85/88 MP: 8/8
  5739 | D:7      | Found a staircase to the Ecumenical Temple.
  5752 | Temple   | Entered the Ecumenical Temple
  5782 | Temple   | Became a worshipper of the Wu Jian Council
  6278 | D:8      | Reached skill level 9 in Unarmed Combat
  6318 | D:8      | Noticed Maurice
  6340 | D:8      | Killed Maurice
  6717 | D:8      | Found a burning altar of Makhleb.
  6725 | D:8      | Reached skill level 10 in Unarmed Combat
  6842 | D:9      | Reached * piety under Wu Jian
  6843 | D:9      | Reached XP level 10. HP: 96/100 MP: 9/9
  7508 | D:9      | Learned a level 2 spell: Blink
  7666 | D:10     | Entered Level 10 of the Dungeon
  7679 | D:10     | Noticed a two-headed ogre
  7688 | D:10     | Killed a two-headed ogre
  7689 | D:10     | Reached skill level 11 in Unarmed Combat
  7727 | D:10     | Noticed an orange demon
  7779 | D:10     | Found a staircase to the Lair.
  8038 | D:10     | Noticed an orange demon
  8044 | D:10     | Killed an orange demon
  8194 | D:10     | Noticed an orange demon
  8550 | D:10     | Noticed a rust devil
  8569 | D:10     | Killed a rust devil
  8576 | D:10     | Reached ** piety under Wu Jian
  8682 | D:10     | Killed an orange demon
  8683 | D:10     | Reached skill level 12 in Unarmed Combat
  9069 | D:10     | Reached XP level 11. HP: 107/109 MP: 10/10
  9149 | D:10     | Found a shadowy altar of Dithmenos.
  9150 | D:10     | Found a shimmering blue altar of Sif Muna.
  9245 | D:11     | Found Lehohim's General Store.
  9252 | D:11     | Bought a potion of heal wounds for 80 gold pieces
  9252 | D:11     | Bought a wand of quicksilver (5) for 336 gold pieces
  9257 | D:11     | Noticed Fannar
  9279 | D:11     | Killed Fannar
  9355 | D:11     | Noticed a purple ugly thing
  9358 | D:11     | Killed a purple ugly thing
  9375 | D:11     | Found the +8 trident of the Octopus King {venom, rElec
                  | rPois}
  9378 | D:11     | Noticed Lodul
  9706 | Lair:1   | Entered Level 1 of the Lair of Beasts
  9756 | Lair:1   | Reached skill level 13 in Unarmed Combat
 10633 | Lair:2   | Reached *** piety under Wu Jian
 10781 | Lair:2   | Found a hazy altar of Hepliaklqana.
 10781 | Lair:2   | Noticed an oklob plant
 10786 | Lair:2   | Found a staircase to the Snake Pit.
 10853 | Lair:2   | Reached XP level 12. HP: 122/122 MP: 11/11
 10885 | Lair:2   | Noticed a seven-headed hydra
 10887 | Lair:2   | Found a staircase to the Swamp.
 10904 | Lair:2   | Killed an 11-headed hydra
 10905 | Lair:2   | Reached skill level 14 in Unarmed Combat
 11019 | Lair:2   | Noticed a death yak
 11034 | Lair:2   | Noticed a death yak
 11034 | Lair:2   | Killed a death yak
 11036 | Lair:2   | Noticed a death yak
 11040 | Lair:2   | Killed a death yak
 11045 | Lair:2   | Killed a death yak
 11161 | Lair:2   | Reached skill level 10 in Shields
 11606 | Lair:3   | HP: 2/123 [black mamba (7)]
 11917 | Lair:2   | HP: 2/123 [dream sheep (25)]
 11918 | Lair:2   | Slain by a dream sheep

Illustrated notes

Levels and vault maps discovered:
D:1:      minmay_arrival_stone_box, layout_basic, ebering_ecumenical_altar_box,
          minmay_tiny_reverse_x
D:2:      kb_forest_paths, layout_basic, serial_shops, nicolae_shop_statue_plus,
          basic_altar
D:3:      layout_loops_cross
D:4:      layout_cave_pools, zin_angel, nicolae_specific_store,
          serial_bayou_pond_c, kennysheep_generic_room_8
D:5:      layout_cave_pools, serial_column_ruins, column_ruins_hut_water,
          column_ruins_circle_small, column_ruins_open_tiny,
          column_ruins_grid_1, column_ruins_grid_3, column_ruins_grid_3,
          serial_bayou_lagoon_a
D:6:      layout_basic, uniq_duvessa, uniq_blork_the_orc,
          uniq_crazy_yiuf_cottage, uniq_maggie
D:7:      layout_basic, minmay_temple_entry_slanted
D:8:      layout_cave_pools, makhleb_grotto_becter, uniq_maurice
D:9:      layout_basic, minmay_misc_feat_more_columns, corexii_leaking_fountain,
          minivault_1
D:10:     layout_irregular_city, mainiacjoe_overflow_big_doors,
          lair_entry_dummy, serial_demonic, serial_demonic_b, serial_demonic_a,
          serial_demonic_c, serial_demonic_a, serial_demonic_e,
          serial_demonic_c, serial_demonic_f, serial_demonic_g
D:11:     layout_layer_cave, erik_orc_3, serial_shops,
          nicolae_shop_tiny_statue_garden, kennysheep_big_empty_room,
          grunt_ministairs_5, kennysheep_another_room, uniq_fannar, uniq_lodul
Temple:   regret_index_temple_chain_breaker
Lair:1:   layout_roguey, grunt_forest_stairs_basic
Lair:2:   layout_small_grid, minmay_swamp_entry_reptiles, dummy_snake_entry,
          lemuel_oklob_altar, serial_bayou_shore_a
Lair:3:   layout_loops_ring, grunt_megastairs_3, serial_bayou_shore_b

Skill      XL: |  1  2  3  4  5  6  7  8  9 10 11 12 |
---------------+-------------------------------------+-----
Shields        | 3 4 5 6 7 8 9 10 | 10.1
Fighting       | 3 4 5 6 7 8 9 |  9.3
Unarmed Combat | 3 4 5 6 8 10 12 13 14 | 14.7
Dodging        | |  2.4

Action                     |  1- 3 |  4- 6 |  7- 9 | 10-12 || total
---------------------------+-------+-------+-------+-------++-------
  Melee: Unarmed           |   106 |   160 |   314 |   383 ||   963
  Throw: Dart              |       |    10 |    13 |    12 ||    35
Ability: Lunge             |       |       |     7 |    21 ||    28
         Whirlwind         |       |       |       |    16 ||    16
  Evoke: Wand              |       |       |       |    13 ||    13
    Use: Scroll            |       |     6 |     9 |    11 ||    26
         Potion            |       |       |     2 |    11 ||    13
   Stab: Sleeping          |     2 |     1 |       |     1 ||     4
 Armour: Robe              |    20 |    37 |    43 |    34 ||   134
         Steam dragon scal |       |       |    30 |    59 ||    89
  Dodge: Dodged            |    20 |    44 |    66 |   141 ||   271
  Block: Kite shield       |    30 |    59 |    96 |   168 ||   353

Table legend: (Time is in decaauts)
 A = Elapsed time spent in this place.
 B = Non-inter-level travel time spent in this place.
 C = Inter-level travel time spent in this place.
 D = Time resting spent in this place.
 E = Time spent auto-exploring this place.
 F = Levels seen in this place.
 G = Mean time per level.
                   A        B        C        D        E       F      G
               +--------+--------+--------+--------+--------+-----+--------+
         Total |  11883 |  11525 |    358 |   2066 |   6857 |  15 |  792.2 |
       Dungeon |   9637 |   9333 |    304 |   1727 |   5440 |  11 |  876.1 |
        Temple |     45 |     30 |     15 |      0 |     16 |   1 |   45.0 |
          Lair |   2200 |   2162 |     38 |    339 |   1401 |   3 |  733.3 |
               +--------+--------+--------+--------+--------+-----+--------+

Top non-repeatable levels by time:
    D:10: 1599 daAuts
  Lair:2: 1427 daAuts
     D:4: 1251 daAuts
     D:6: 1212 daAuts
     D:9: 1121 daAuts
     D:7: 871 daAuts
     D:1: 858 daAuts
  Lair:1: 740 daAuts
     D:2: 681 daAuts
     D:5: 672 daAuts
     D:3: 657 daAuts
     D:8: 541 daAuts
    D:11: 168 daAuts
  Temple: 45 daAuts
  Lair:3: 32 daAuts
